 Dungeon Sprint DCSS version 0.28.0-53-g5a82cb258f (webtiles) character file.

Game seed: 2465982386907738168

118 Zeld the Thaumaturge (level 4, -5/24 HPs)
             Began as a Deep Elf Conjurer on May 29, 2022.
             Was an Initiate of Vehumet.
             Killed from afar by an oklob sapling priest (29 damage)
             ... with a splash of acid
             ... in the Dungeon (Sprint IV: "Fedhas' Mad Dash").
             The game lasted 00:00:53 (680 turns).

Zeld the Thaumaturge (Deep Elf Conjurer)             Turns: 680, Time: 00:00:54

Health: -5/24      AC:  2    Str:  4    XL:     4   Next: 72%
Magic:  13/17      EV: 12    Int: 25    God:    Vehumet [......]
Gold:   66         SH:  0    Dex: 13    Spells: 10/21 levels left

rFire   . . .      SeeInvis .   (no weapon)
rCold   . . .      Faith    .   (no shield)
rNeg    . . .      Spirit   .   a - +0 robe
rPois   .          Reflect  .   (no helmet)
rElec   .          Harm     .   (no cloak)
rCorr   .          Rampage  .   (no gloves)
Will    .....      NoTele   +   (no boots)
Stlth   ++........              h - amulet of invisibility {+Inv}
HPRegen 0.08/turn               (no ring)
MPRegen 0.15/turn               (no ring)

@: very slightly contaminated
A: no striking features
a: Renounce Religion, Evoke Invisibility


You were in the Dungeon.
You worshipped Vehumet.
Vehumet was noncommittal.
You visited 1 branch You collected 66 gold pieces.

Inventory:

Armour
 a - a +0 robe (worn)
Jewellery
 h - the amulet of invisibility (around neck) {+Inv}
   (You found it in the Dungeon)

   [amulet of nothing]

   +Inv:      It lets you turn invisible.
Scrolls
 g - 2 scrolls of blinking
Potions
 b - a potion of curing
 c - a potion of heal wounds
 d - a potion of haste
 e - 2 potions of magic
 f - a potion of berserk rage


   Skills:
 - Level 2.4 Dodging
 - Level 2.4 Stealth
 * Level 9.0 Spellcasting
 * Level 8.4 Conjurations
 + Level 1.5 Hexes
 + Level 1.2 Translocations


You had 10 spell levels left.
You knew the following spells:

 Your Spells              Type           Power      Damage    Failure   Level
a - Magic Dart            Conj           100%       1d8       1%          1
b - Searing Ray           Conj           100%       2d8       1%          2
c - Fulminant Prism       Conj/Hex       18%        3d11      7%          4
d - Iskenderun's Mystic   Conj/Tloc      35%        2d8       8%          4

Your spell library contained the following spells:

 Spells                   Type           Power      Damage    Failure   Level
 Dazzling Flash           Conj/Hex       72%        N/A       2%          3


Dungeon Overview and Level Annotations

Branches:
Dungeon (1/1)

Altars:
Cheibriados
Dithmenos
Elyvilon
Gozag
Hepliaklqana
Kikubaaqudgha
Makhleb
Nemelex Xobeh
Okawaru
Qazlal
Ru
Sif Muna
Trog
Uskayaw
Vehumet
Wu Jian
Xom
Yredelemnul
Zin
The Shining One
Beogh
Jiyva
Lugonu

Annotations:
D exclusion: oklob sapling


Message History

There is an open door here.
You open the door.
Found four altars.
You fade into invisibility!
You are very lightly contaminated with residual magic.
An oklob sapling priest comes into view.
Found nine altars.
Marking area around an oklob sapling priest as unsafe for travelling.
There is an open door here.
Found three altars.
Found two altars.
Found three altars.
Found a radiant altar of Vehumet and a corrupted altar of Lugonu.
There is a burning altar of Makhleb here.
There is a shimmering blue altar of Sif Muna here.
There is a bloodstained altar of Trog here.
There is a hide-covered altar of Uskayaw here.
You flicker for a moment.
There is a radiant altar of Vehumet here.
Casting: Searing Ray (safe; 1% risk of failure)
Confirm with . or Enter, or press ? or * to list all spells.
Aiming: Searing Ray (safe; 1% risk of failure)
Press: ? - help, Shift-Dir - straight line, f - oklob sapling priest
Aim: an oklob sapling priest (dormant, 100% to hit)
The searing ray hits the oklob sapling priest!
The oklob sapling priest is moderately damaged. (Press . to maintain the ray.) Unknown command.
Press < or > to pray at altars.
The searing ray hits the oklob sapling priest.
The oklob sapling priest is moderately damaged.
The searing ray hits the oklob sapling priest.
The oklob sapling priest is heavily damaged.
You kneel at the altar of Vehumet.
Vehumet welcomes you!
You flicker back into view.
The oklob sapling priest spits acid at you.
The splash of acid hits you!!
Ouch! That really hurt!
You die...

####################
.....#.⌠._._._._.⌠.#
.#(..'.._._._._._..+
.#...#..._._P_._...#
###'##.._._._._.@..#
+...#._._._._._.⌠.#
#...###############
#####


You could see an oklob sapling priest.

Vanquished Creatures
  A scorpion (D)
  2 oklob saplings (D)
  A river rat (D)
  A rat (D)
5 creatures vanquished.

Notes
Turn   | Place    | Note
-------+----------+-------------------------------------------
     0 | D        | Zeld the Deep Elf Conjurer began the quest for the Orb.
     0 | D        | Reached XP level 1. HP: 10/10 MP: 6/6
    11 | D        | Reached skill level 4 in Spellcasting
    11 | D        | Reached skill level 5 in Conjurations
    11 | D        | Reached XP level 2. HP: 15/15 MP: 0/9
   194 | D        | Learned a level 2 spell: Searing Ray
   219 | D        | Noticed an oklob sapling
   220 | D        | Killed an oklob sapling
   221 | D        | Reached skill level 6 in Spellcasting
   221 | D        | Reached XP level 3. HP: 19/19 MP: 8/13
   526 | D        | Noticed a scorpion
   526 | D        | Found the amulet of invisibility {+Inv}
   528 | D        | Killed a scorpion
   529 | D        | Reached skill level 8 in Spellcasting
   529 | D        | Reached XP level 4. HP: 24/24 MP: 10/16
   534 | D        | Learned a level 4 spell: Fulminant Prism
   539 | D        | Learned a level 4 spell: Iskenderun's Mystic Blast
   624 | D        | Reached skill level 9 in Spellcasting
   624 | D        | Reached skill level 1 in Hexes
   624 | D        | Reached skill level 1 in Translocations
   662 | D        | Found an opulent altar of Gozag.
   662 | D        | Found a hazy altar of Hepliaklqana.
   662 | D        | Found a snail-covered altar of Cheibriados.
   664 | D        | Found a viscous altar of Jiyva.
   664 | D        | Found a burning altar of Makhleb.
   664 | D        | Found a sparkling altar of Nemelex Xobeh.
   664 | D        | Found a sacrificial altar of Ru.
   664 | D        | Found a shimmering blue altar of Sif Muna.
   664 | D        | Found a bloodstained altar of Trog.
   664 | D        | Found an ornate altar of the Wu Jian Council.
   664 | D        | Found a shimmering altar of Xom.
   664 | D        | Found a basalt altar of Yredelemnul.
   665 | D        | Found an iron altar of Okawaru.
   665 | D        | Found a shadowy altar of Dithmenos.
   665 | D        | Found a glowing silver altar of Zin.
   666 | D        | Found a hide-covered altar of Uskayaw.
   666 | D        | Found an ancient bone altar of Kikubaaqudgha.
   667 | D        | Found a stormy altar of Qazlal.
   667 | D        | Found a glowing golden altar of the Shining One.
   667 | D        | Found a white marble altar of Elyvilon.
   668 | D        | Found a radiant altar of Vehumet.
   668 | D        | Found a corrupted altar of Lugonu.
   679 | D        | Became a worshipper of Vehumet
   680 | D        | Killed from afar by an oklob sapling priest

Illustrated notes

Levels and vault maps discovered:
D:        dungeon_sprint_fedhas [sprint_temple]

Skill      XL: |  1  2  3  4 |
---------------+-------------+-----
Spellcasting   | 4 6 8 9 |  9.0
Conjurations   | 5 6 8 |  8.4
Hexes          | 1 |  1.5
Translocations | 1 |  1.2
Dodging        | |  2.4
Stealth        | |  2.4

Action                   |  1- 3 |  4- 6 || total
-------------------------+-------+-------++-------
 Cast: Magic Dart        |     7 |       ||     7
       Searing Ray       |     2 |     2 ||     4
 Abil: Evoke Invisibilit |       |     2 ||     2
Dodge: Dodged            |     2 |       ||     2
